 Dungeon Crawl Stone Soup version 0.27-a0-1182-gee19b5822f (webtiles) character file.

Game seed: 10305962075539441269

46 DasRunzen the Poker (level 3, 0/29 HPs)
             Began as a Demigod Gladiator on May 18, 2021.
             Killed from afar by an orc wizard (6 damage)
             ... with a magic dart
             ... on level 2 of the Dungeon.
             The game lasted 00:01:18 (1281 turns).

DasRunzen the Poker (Demigod Gladiator)             Turns: 1281, Time: 00:01:18

Health: 0/29       AC:  5    Str: 15    XL:     3   Next: 26%
Magic:  5/5        EV: 12    Int: 14    God:
Gold:   101        SH:  0    Dex: 15    Spells: 2/2 levels left

rFire    . . .     SeeInvis .   a - +0 trident
rCold    . . .     Faith    .   (no shield)
rNeg     . . .     Spirit   .   b - +0 leather armour
rPois    .         Reflect  .   c - +1 helmet
rElec    .         Harm     .   (no cloak)
rCorr    .         Rampage  .   (no gloves)
Will     .....                  (no boots)
Stlth    +.........             (no amulet)
HPRegen  0.09/turn              (no ring)
MPRegen  0.09/turn              (no ring)

@: confused
A: high mp 1, forlorn
a: no special abilities


You were on level 2 of the Dungeon.
You visited 1 branch of the dungeon, and saw 2 of its levels.

You collected 101 gold pieces.

Inventory:

Hand Weapons
 a - a +0 trident (weapon)
Missiles
 d - 3 throwing nets (quivered)
Armour
 b - a +0 leather armour (worn)
 c - a +1 helmet (worn)
Potions
 e - 2 potions of brilliance {unknown}
 g - a potion of mutation {unknown}


   Skills:
 + Level 2.2 Fighting
 + Level 3.1 Polearms
 - Level 1.7 Throwing
 + Level 1.1 Armour
 + Level 3.1 Dodging


You had 2 spell levels left.
You didn't know any spells.
Your spell library was empty.

Dungeon Overview and Level Annotations

Branches:
Dungeon (2/15)


Innate Abilities, Weirdness & Mutations

Your attributes grow dramatically as you level up.
You have an increased reservoir of magic. (+10% MP)
You shall have no god before yourself.


Message History

You hit the orc but do no damage.
You hear a shout!
You barely miss the orc.
An orc comes into view. It is wielding a +0 hand axe.
You hit the orc but do no damage. The orc hits you with a +0 war axe.
The orc hits you but does no damage. The orc wizard barely misses you.
You hit the orc but do no damage. The orc hits you with a +0 war axe!
You puncture the orc!
You kill the orc!
You reach to attack!
You hit the orc wizard.
The orc wizard is heavily wounded.
You puncture the orc wizard!
The orc wizard is almost dead.
The orc wizard gestures at itself while chanting.
The orc wizard flickers and vanishes!
Deactivating autopickup; reactivate with Ctrl-A.
You reach to attack!
You closely miss the orc. Something barely misses you.
You reach to attack!
You hit the orc.
The orc is severely wounded.
Something hits you.
The orc throws a silver boomerang.
The silver boomerang barely misses you.
You reach to attack!
You puncture the orc!
You kill the orc!
Something hits you.
You hear some strange, mumbled words.
You are confused.
You are too confused!
You are too confused!
You are too confused!
You're too confused to move!
The orc throws a silver boomerang.
The silver boomerang hits you.
You hear some strange, mumbled words.
A magic dart appears from out of thin air!
The magic dart hits you!
* * * LOW HITPOINT WARNING * * *
You barely miss something.
You hear some strange, mumbled words.
A magic dart appears from out of thin air!
The magic dart hits you.
You die...

#.. ####### #.# ......# #.
#.# #####.## #. #.#
.......# #. #.# #####..#
#.## #.# #..# #..# #.# #
##..######.####.#####.#
#.......##...@{o.......
#....##.##..###.#.....#
###.......##...#o.#.#####
........####'#.#.?.......
..##..#....÷÷...#.o##.###.
...........÷÷......# #
#.###.#.......#....# ..
#.#.......#.....
#.######+##....#


You could see an orc.

Vanquished Creatures
  An adder (D:2)
  2 orcs (D:2)
  5 ball pythons
  A bat (D:1)
  3 endoplasms (D:1)
  3 goblins (D:1)
  2 hobgoblins (D:2)
  4 jackals (D:2)
  2 quokkas (D:1)
  2 frilled lizards
  2 kobolds (D:1)
  3 rats
30 creatures vanquished.

Notes
Turn   | Place    | Note
-------+----------+-------------------------------------------
     0 | D:1      | DasRunzen the Demigod Gladiator began the quest for the
                  | Orb.
     0 | D:1      | Reached XP level 1. HP: 17/17 MP: 3/3
   275 | D:1      | Reached XP level 2. HP: 24/24 MP: 4/4
   989 | D:2      | Reached skill level 1 in Armour
   994 | D:2      | Reached XP level 3. HP: 14/29 MP: 5/5
  1281 | D:2      | Killed from afar by an orc wizard

Illustrated notes

Levels and vault maps discovered:
D:1:      dpeg_arrival_houses_and_road, layout_loops_ring
D:2:      layout_basic, basic_altar, st_stairs_3

Skill      XL: |  1  2 |
---------------+-------+-----
Fighting       | 2 |  2.2
Polearms       | 3 |  3.1
Dodging        | 3 |  3.1
Armour         | 1 |  1.1
Throwing       | |  1.7

Action                   || total
-------------------------++-------
Melee: Trident           ||    78
  Use: Scroll            ||     2
 Stab: Distracted        ||     1
Armor: Leather armour    ||    21
Dodge: Dodged            ||    35

Table legend: (Time is in decaauts)
 A = Elapsed time spent in this place.
 B = Non-inter-level travel time spent in this place.
 C = Inter-level travel time spent in this place.
 D = Time resting spent in this place.
 E = Time spent auto-exploring this place.
 F = Levels seen in this place.
 G = Mean time per level.
                   A        B        C        D        E       F      G
               +--------+--------+--------+--------+--------+-----+--------+
         Total |   1292 |   1252 |     40 |    246 |    846 |   2 |  646.0 |
       Dungeon |   1292 |   1252 |     40 |    246 |    846 |   2 |  646.0 |
               +--------+--------+--------+--------+--------+-----+--------+

Top non-repeatable levels by time:
     D:1: 853 daAuts
     D:2: 438 daAuts
